 Dungeon Crawl Stone Soup version 0.21-a0-110-g8e1637b (webtiles) character file.

1687 Monsterracer the Chopper (level 8, -3/63 HPs)
             Began as a Demonspawn Gladiator on July 9, 2017.
             Was a Follower of Makhleb.
             Killed by divine providence
             ... invoked by an orc priest
              (7 damage)
             ... on level 6 of the Dungeon.
             The game lasted 00:11:02 (5784 turns).

Monsterracer the Chopper (Demonspawn Gladiator)     Turns: 5784, Time: 00:11:04

Health: -3/63      AC:  7    Str: 14    XL:     8   Next: 71%
Magic:  10/10      EV: 15    Int: 13    God:    Makhleb [*.....]
Gold:   352        SH:  0    Dex: 16    Spells: 7/7 levels left

rFire    + + .     SeeInvis .   a - +1 war axe
rCold    + . .     Gourm    .   (no shield)
rNeg     . . .     Faith    .   v - +2 leather armour of the Bagpipe {rC+}
rPois    +         Spirit   .   (helmet restricted)
rElec    .         Reflect  .   (no cloak)
rCorr    .         Harm     .   (no gloves)
MR       +....                  (no boots)
Stlth    +.........             (no amulet)
HPRegen  0.20/turn              w - ring of protection from magic
MPRegen  0.12/turn              g - ring of protection from fire

@: no status effects
A: claws 1, horns 1, slimy green scales 1, clever 1, fire resistance 1, poison
resistance, spiny 1
a: Renounce Religion


You were on level 6 of the Dungeon.
You worshipped Makhleb.
Makhleb was aware of your devotion.
You were not hungry.

You visited 2 branches of the dungeon, and saw 7 of its levels.
You also visited: Ossuary.

You collected 352 gold pieces.

Inventory:

Hand Weapons
 a - a +1 war axe (weapon)
 b - a +4 morningstar
Missiles
 d - 4 throwing nets (quivered)
Armour
 v - the +2 leather armour of the Bagpipe (worn) {rC+}
   (You found it on level 5 of the Dungeon)

   It protects you from cold.
 x - a +2 chain mail of fire resistance
Jewellery
 c - an uncursed ring of see invisible
 g - a ring of protection from fire (right claw)
 t - an uncursed ring of protection from cold
 w - a ring of protection from magic (left claw)
Wands
 n - a wand of digging (24/24)
 y - a wand of acid (8/15)
Scrolls
 f - a scroll of teleportation
 i - 2 scrolls of fear
 j - 3 scrolls of identify
 l - 3 scrolls of enchant weapon
 m - 2 scrolls of magic mapping
 o - 3 scrolls of remove curse
 q - 3 scrolls of blinking
Potions
 e - a potion of invisibility
 h - 2 potions of might
 p - 2 potions of lignification
 r - 3 potions of flight
 u - 3 potions of curing
 A - a potion of mutation
Comestibles
 k - 2 royal jellies
 s - 2 bread rations
 z - 6 fruits


   Skills:
 + Level 5.4 Fighting
 * Level 7.6 Axes
 - Level 1.7 Throwing
 - Level 2.1 Armour
 + Level 5.3 Dodging
 + Level 2.7 Invocations


You had 7 spell levels left.
You didn't know any spells.

Dungeon Overview and Level Annotations

Branches:
Dungeon (6/15)             Temple (1/1) D:5

Altars:
Cheibriados
Dithmenos
Fedhas
Gozag
Hepliaklqana
Kikubaaqudgha
Makhleb
Nemelex Xobeh
Okawaru
Qazlal
Ru
Sif Muna
Trog
Uskayaw
Vehumet
Wu Jian
Xom
Zin
The Shining One

Annotations:
D:6 exclusion: oklob plant


Innate Abilities, Weirdness & Mutations

You have sharp fingernails.
You are partially covered in slimy green scales. (AC +2)
You are partially covered in sharp spines.
You have a pair of small horns on your head.
Your mind is acute. (Int +2)
Your flesh is heat resistant. (rF+)
Your system is resistant to poisons. (rPois)


Message History

The orc priest calls upon Beogh to heal the orc warrior.
The orc warrior is healed somewhat.
You closely miss the orc warrior.
You headbutt the orc warrior, but do no damage.
The orc warrior is severely wounded.
You hit the orc priest but do no damage.
The orc warrior hits you with a glaive!
* * * LOW HITPOINT WARNING * * *
The orc priest is struck by your spines.
The orc priest hits you with a flail.
* * * LOW HITPOINT WARNING * * *
Huge Dmg: -27%(-17hp) hp: 7%(4hp)
You closely miss the orc warrior. Your headbutt misses the orc warrior.
The orc warrior is severely wounded.
You hit the orc priest.
The orc warrior is struck by your spines.
The orc warrior barely misses you.
The orc priest mumbles some strange prayers to Beogh against you.
Beogh smites you!
You die...

...........PP.†PPP......#
##....####..P.#....#...
#....# ##...###PP.#.##
###### #PP..........#
#............#
#P##.._..##..#
#.#.......#..#
#.#########..#
......o@[...#
######.)o...# ########


You could see an orc warrior and an orc priest.

Vanquished Creatures
  The ghost of tilp the Firebug, an amateur HOFE of Okawaru (D:4)
  A wraith (Ossuary)
  2 phantoms
  A sky beast (D:6)
  2 ogres (D:4)
  A black bear (D:4)
  An elf zombie (Ossuary)
  3 wights (D:6)
  3 hounds (D:4)
  A jelly (D:5)
  2 orc priests
  A human zombie (Ossuary)
  2 orc wizards
  An iguana (D:6)
  A bullfrog skeleton (D:4)
  4 worker ants
  A howler monkey skeleton (D:5)
  3 mummies (Ossuary)
  8 adders
  2 worms
  2 dart slugs
  4 leopard geckos
  10 orcs
  3 giant cockroaches
  4 goblins (D:1)
  5 hobgoblins
  4 kobolds
  5 quokkas
  7 bats
  7 frilled lizards
  2 goblin zombies (Ossuary)
  A hobgoblin zombie (Ossuary)
  3 kobold zombies (Ossuary)
  A quokka skeleton (D:6)
  4 rats
103 creatures vanquished.

Notes
Turn   | Place    | Note
-------+----------+-------------------------------------------
     0 | D:1      | Monsterracer the Demonspawn Gladiator began the quest for the Orb.
     0 | D:1      | Reached XP level 1. HP: 16/16 MP: 1/1
   414 | D:1      | Reached skill level 3 in Axes
   586 | D:1      | Gained mutation: You have sharp fingernails. [demonic ancestry]
   586 | D:1      | Reached XP level 2. HP: 22/22 MP: 2/2
  1163 | D:2      | Gained mutation: You are partially covered in sharp spines. [demonic ancestry]
  1163 | D:2      | Reached XP level 3. HP: 19/27 MP: 3/3
  1170 | D:2      | Gained mutation: You have a pair of small horns on your head. [potion of mutation]
  1170 | D:2      | Gained mutation: You are covered in fur. (AC +1) [potion of mutation]
  1170 | D:2      | Gained mutation: Armour fits poorly on your strangely shaped body. [potion of mutation]
  1170 | D:2      | Gained mutation: You have a pair of horns on your head. [potion of mutation]
  1578 | D:2      | Reached skill level 4 in Axes
  1743 | D:3      | Lost mutation: You have a pair of horns on your head. [potion of mutation]
  1743 | D:3      | Lost mutation: You are covered in fur. (AC +1) [potion of mutation]
  1743 | D:3      | Lost mutation: Armour fits poorly on your strangely shaped body. [potion of mutation]
  1743 | D:3      | Gained mutation: Your system is resistant to poisons. (rPois) [potion of mutation]
  1743 | D:3      | Gained mutation: Your mind is acute. (Int +2) [potion of mutation]
  1743 | D:3      | Gained mutation: Your flesh is heat resistant. (rF+) [potion of mutation]
  1817 | D:3      | Reached XP level 4. HP: 26/34 MP: 4/4
  2308 | D:3      | Gained mutation: You are partially covered in slimy green scales. (AC +2) [demonic ancestry]
  2308 | D:3      | Reached XP level 5. HP: 14/40 MP: 5/5
  2722 | D:4      | Found a sand-covered staircase.
  2741 | Ossuary  | Entered an ossuary
  2741 | Ossuary  | Noticed a wraith
  2741 | Ossuary  | Noticed a wraith
  2741 | Ossuary  | Noticed a wraith
  3004 | Ossuary  | Reached skill level 5 in Axes
  3018 | Ossuary  | Reached XP level 6. HP: 28/47 MP: 6/6
  3287 | Ossuary  | Noticed a wraith
  3316 | Ossuary  | Killed a wraith
  3724 | D:4      | Reached skill level 6 in Axes
  3724 | D:4      | Reached XP level 7. HP: 28/54 MP: 7/7
  3949 | D:4      | Reached skill level 1 in Armour
  4125 | D:4      | Noticed tilp's ghost (amateur HOFE)
  4134 | D:4      | Killed tilp's ghost
  4134 | D:4      | Reached XP level 8. HP: 54/61 MP: 8/8
  4365 | D:5      | Entered Level 5 of the Dungeon
  4413 | D:5      | Got an encrusted leather armour
  4424 | D:5      | Identified the +2 leather armour of the Bagpipe {rC+} (You found it on level 5 of the Dungeon)
  4569 | D:5      | Reached skill level 7 in Axes
  4584 | D:5      | Found a staircase to the Ecumenical Temple.
  4621 | Temple   | Entered the Ecumenical Temple
  4728 | Temple   | Became a worshipper of Makhleb the Destroyer
  4822 | D:5      | Found a stormy altar of Qazlal.
  4827 | D:5      | Reached skill level 5 in Dodging
  5380 | D:6      | Found an ornate altar of the Wu Jian Council.
  5381 | D:6      | Found a bloodstained altar of Trog.
  5381 | D:6      | Found a hide-covered altar of Uskayaw.
  5381 | D:6      | Found a shadowy altar of Dithmenos.
  5383 | D:6      | Found a sacrificial altar of Ru.
  5384 | D:6      | Found a radiant altar of Vehumet.
  5397 | D:6      | Reached skill level 1 in Invocations
  5434 | D:6      | Reached skill level 5 in Fighting
  5666 | D:6      | Found a blossoming altar of Fedhas.
  5679 | D:6      | Noticed an oklob plant
  5762 | D:6      | Found an ancient bone altar of Kikubaaqudgha.
  5782 | D:6      | Reached * piety under Makhleb
  5784 | D:6      | Killed from afar by an orc priest

Vault maps used:
D:1:      minmay_arrival_stone_box, minmay_misc_feat_chi
D:4:      lightli_ossuary_entry_decrepit_ruins
D:5:      grunt_qazlal_clouds, minmay_temple_entry_statues, first_bread,
          kennysheep_generic_room_2
D:6:      grunt_temple_overflow_open, kiku_gazebo_garden_becter, serial_glass,
          glass_columns_b, glass_columns_c, glass_columns_b, glass_columns_b,
          glass_columns_a, glass_columns_c, minmay_crystal_room, tgw_fedhas
Temple:   chequers_temple_sunken
Ossuary:  ossuary_kennysheep_city_of_the_dead

Skill      XL: |  1  2  3  4  5  6  7  8 |
---------------+-------------------------+-----
Axes           | 3 4 5 6 7 |  7.6
Dodging        | 3 4 5 |  5.3
Fighting       | 3 4 5 |  5.4
Armour         | 1 2 |  2.1
Invocations    | 2 |  2.7
Throwing       | |  1.7

Action                   |  1- 3 |  4- 6 |  7- 9 || total
-------------------------+-------+-------+-------++-------
Melee: War axe           |    85 |   127 |   101 ||   313
       Headbutt          |     3 |    24 |    19 ||    46
       Morningstar       |       |     4 |       ||     4
  Use: Potion            |     4 |     9 |     2 ||    15
       Scroll            |       |     8 |     3 ||    11
 Stab: Sleeping          |       |       |     1 ||     1
  Eat: Chunk             |     2 |     4 |     4 ||    10
       Bread ration      |       |     1 |       ||     1
       Fruit             |       |     1 |       ||     1
Armor: Leather armour    |    28 |       |    20 ||    48
       Scale mail        |       |    27 |    17 ||    44
       Skin              |       |    22 |       ||    22
Dodge: Dodged            |    59 |    57 |    56 ||   172
